 Dungeon Crawl Stone Soup version 0.22-a0-351-g29664b4 (webtiles) character file.

627 vishdafish the Sneak (level 7, 0/49 HPs)
             Began as an Octopode Berserker on Apr 13, 2018.
             Was a Priest of Trog.
             Shot with an arrow by a centaur (10 damage)
             ... on level 5 of the Dungeon.
             The game lasted 00:06:35 (3300 turns).

vishdafish the Sneak (Octopode Berserker)           Turns: 3300, Time: 00:06:36

Health: 0/49       AC:  1    Str: 16    XL:     7   Next: 48%
Magic:  7/7        EV: 14    Int: 11    God:    Trog [***...]
Gold:   207        SH:  0    Dex: 12    Spells: 6/6 levels left

rFire    + . .     SeeInvis .   a - +0 spear
rCold    . . .     Gourm    .   (no shield)
rNeg     . . .     Faith    .   (helmet restricted)
rPois    .         Spirit   .   m - amulet of regeneration
rElec    .         Reflect  .   l - ring of protection from fire
rCorr    +         Harm     .   s - ring of wizardry
MR       .....                  y - ring of resist corrosion
Stlth    ++++......             (no ring)
HPRegen  0.56/turn              (no ring)
MPRegen  0.10/turn              (no ring)
                                (no ring)
                                (no ring)

@: berserk cooldown, slowed, very slow
A: almost no armour, stealthy swim, amphibious, 8 rings, constrict 8, camouflage
1, gelatinous body 1
a: Berserk, Trog's Hand, Renounce Religion


You were on level 5 of the Dungeon.
You worshipped Trog.
Trog was most pleased with you.
You were not hungry.

You visited 1 branch of the dungeon, and saw 5 of its levels.

You collected 207 gold pieces.

Inventory:

Hand Weapons
 a - a +0 spear (weapon)
 p - a +0 blowgun
Missiles
 q - 15 poisoned needles
 t - 6 needles of paralysis
Jewellery
 l - a ring of protection from fire (left tentacle)
 m - an amulet of regeneration (around mantle)
 s - a ring of wizardry (right tentacle)
 y - a ring of resist corrosion (on tentacle)
Wands
 x - a wand of flame (59)
Scrolls
 f - 2 scrolls of remove curse {unknown}
 g - 4 scrolls of teleportation {unknown}
 h - 3 scrolls of identify {unknown}
 i - a scroll of enchant weapon {unknown}
 j - 2 scrolls of enchant armour {unknown}
 n - 3 scrolls of magic mapping {unknown}
Potions
 c - a potion of heal wounds {unknown}
 e - a potion of might {unknown}
 k - a potion of cancellation {unknown}
 o - a potion of haste {unknown}
 r - 2 potions of flight {unknown}
 u - a potion of magic {unknown}
 v - a potion of degeneration {unknown}
 w - a potion of berserk rage {unknown}
Comestibles
 b - 7 rations


   Skills:
 + Level 4.3 Fighting
 + Level 5.7 Polearms
 + Level 4.0 Dodging
 + Level 6.2 Stealth


You had 6 spell levels left.
You didn't know any spells.

Dungeon Overview and Level Annotations

Branches:
Dungeon (5/15)
 Temple: D:4-7

Altars:
Okawaru
Qazlal


Innate Abilities, Weirdness & Mutations

You cannot wear most types of armour.
You are very stealthy in the water. (Stealth+)
You are amphibious.
You can wear up to eight rings at the same time.
You can use your tentacles to constrict eight enemies at once.
Your skin changes colour to match your surroundings (Stealth+).
Your rubbery body absorbs attacks. (AC +1, EV +1)


Message History

Something hits you.
* * * LOW HITPOINT WARNING * * *
You miss something. Your squeeze misses something.
The centaur shoots an arrow.
The arrow barely misses you.
You hear some strange, mumbled words.
Something tries to affect you, but you resist.
Something hits you.
* * * LOW HITPOINT WARNING * * *
Okay, then.
You eat one of the 8 rations.
That ration really hit the spot!
The centaur shoots an arrow.
The arrow barely misses you. Something hits you but does no damage.
Okay, then.
You feel better.
The centaur shoots an arrow.
The arrow closely misses you.
You hear some strange, mumbled words.
A puff of flame appears from out of thin air!
The puff of flame hits you! You resist.
* * * LOW HITPOINT WARNING * * *
The centaur shoots an arrow.
The arrow hits you!
You die...

#...........###
.#.#............
................
#.......#..(...
.##........(....
................
#......).(..# .
#......@{...# ...
..#+####))#...##...
..................
......c.........# ...
.$......#.......# ....
........#.......##....
......................
.....#...............
.....#............#


You could see a centaur.

Vanquished Creatures
  Edmund (D:4)
  The ghost of aspa the Magician, an amateur OpWz (D:3)
  A scorpion (D:4)
  A howler monkey (D:4)
  2 orc priests
  5 orc wizards
  A worker ant (D:3)
  2 adders
  2 worms (D:3)
  2 dart slugs
  4 leopard geckos
  18 orcs
  A ball python (D:2)
  5 giant cockroaches
  4 goblins
  11 hobgoblins
  7 jackals
  8 kobolds
  3 quokkas
  3 bats
  5 frilled lizards
  A quokka skeleton (D:3)
  5 rats
93 creatures vanquished.

Notes
Turn   | Place    | Note
-------+----------+-------------------------------------------
     0 | D:1      | vishdafish the Octopode Berserker began the quest for the Orb.
     0 | D:1      | Reached XP level 1. HP: 16/16 MP: 1/1
   146 | D:1      | Reached XP level 2. HP: 21/21 MP: 2/2
   279 | D:1      | Reached ** piety under Trog
   389 | D:1      | Reached XP level 3. HP: 26/26 MP: 3/3
   676 | D:2      | Reached skill level 1 in Stealth
   727 | D:2      | Found an iron altar of Okawaru.
   757 | D:2      | Found a faded altar of an unknown god.
  1444 | D:3      | Reached XP level 4. HP: 31/31 MP: 4/4
  1517 | D:3      | Reached skill level 2 in Stealth
  1663 | D:3      | Noticed aspa's ghost (amateur OpWz)
  1682 | D:3      | Killed aspa's ghost
  1682 | D:3      | Reached skill level 3 in Stealth
  1682 | D:3      | Reached XP level 5. HP: 8/37 MP: 5/5
  2002 | D:3      | Reached *** piety under Trog
  2193 | D:3      | Reached skill level 4 in Stealth
  2335 | D:3      | Reached XP level 6. HP: 40/43 MP: 6/6
  2507 | D:4      | Noticed Edmund
  2519 | D:4      | Killed Edmund
  2519 | D:4      | Reached skill level 5 in Polearms
  2755 | D:4      | Reached skill level 5 in Stealth
  2912 | D:4      | Reached XP level 7. HP: 34/48 MP: 7/7
  3121 | D:4      | Found a stormy altar of Qazlal.
  3167 | D:5      | Entered Level 5 of the Dungeon
  3281 | D:5      | Reached skill level 6 in Stealth
  3300 | D:5      | Shot with an arrow by a centaur

Vault maps used:
D:1:      dpeg_arrival_rhombi
D:2:      okawaru_trees_2, chequers_ecumenical_altar_simple_redux
D:3:      serial_forest, infiniplex_forest_end_2, infiniplex_forest_lined_2,
          infiniplex_forest_lined_3, infiniplex_forest_straight_2,
          infiniplex_forest_clump_long, infiniplex_forest_clump_medium,
          infiniplex_forest_straight_3, infiniplex_forest_pool,
          infiniplex_forest_straight_1, minmay_bisected
D:4:      lemuel_coloured_pillars_altar, uniq_edmund
D:5:      eat_drink_and_be_merry_uskayaw, first_ration

Skill      XL: |  1  2  3  4  5  6  7 |
---------------+----------------------+-----
Stealth        | 1 3 4 5 6 |  6.2
Polearms       | 4 5 |  5.7
Fighting       | 4 |  4.3
Dodging        | 4 |  4.0

Action                   |  1- 3 |  4- 6 |  7- 9 || total
-------------------------+-------+-------+-------++-------
Melee: Spear             |    78 |   112 |    39 ||   229
       Constrict         |    19 |    14 |     5 ||    38
       Tentacles         |    11 |    19 |     6 ||    36
Invok: Berserk           |     3 |     4 |     2 ||     9
  Use: Potion            |       |       |     2 ||     2
 Stab: Sleeping          |     8 |    11 |     1 ||    20
       Distracted        |     1 |     1 |       ||     2
  Eat: Chunk             |     2 |     7 |     2 ||    11
       Ration            |     1 |       |     1 ||     2
Armor: Skin              |     2 |       |     2 ||     4
Dodge: Dodged            |    26 |    22 |    13 ||    61

Table legend:
 A = Spawn XP
 B = Non-spawn XP
 C = Spawn XP percentage of total XP
 D = Spawn monster count
 E = Non-spawn monster count
 F = Spawn count percentage of total count
 G = Total turns spent on level
                    A         B        C        D         E        F      G
               +---------+---------+-------+---------+---------+-------+---------
         Total |       0 |     897 |   0.0 |       0 |      93 |   0.0 |  3300
               +---------+---------+-------+---------+---------+-------+---------
           D:1 |       0 |      37 |   0.0 |       0 |      20 |   0.0 |   652
           D:2 |       0 |      39 |   0.0 |       0 |      15 |   0.0 |   783
           D:3 |       0 |     282 |   0.0 |       0 |      41 |   0.0 |  1053
           D:4 |       0 |     338 |   0.0 |       0 |       9 |   0.0 |   679
           D:5 |       0 |     201 |   0.0 |       0 |       8 |   0.0 |   133
               +---------+---------+-------+---------+---------+-------+---------
